Map: Traitor's Exile

Players

OpuS

  • Race: Protoss Protoss
  • League: Platinum
  • Spawn Location: 5:00

Sketchaphone

  • Race: Zerg Zerg
  • League: Gold
  • Spawn Location: 6:00

Tharkus

  • Race: Protoss Protoss
  • Spawn Location: 12:00

Asurmen

  • Race: Terran Terran
  • League: Platinum
  • Spawn Location: 9:00

VOD

Have the link to the VOD?

Description

Time

  • Played on: Jan. 24, 2019, 9:20 p.m.
  • Length: 21:58
Show
View Real Time Build Order
Export as new Build Order

OpuS Protoss 

Build Orders:  

Get SALT Encoding   

  12  0:00  Probe  
  13  0:13  Probe  
  14  0:19  Pylon  
  14  0:26  Probe  
  15  0:38  Gateway  
  15  0:49  Gateway  
  15  0:57  Probe  
  16  1:05  Probe  
  16  1:07  Assimilator  
  17  1:15  Probe  
  18  1:20  Pylon  
  18  1:23  Probe  
  18  1:26  Cybernetics Core  
  19  1:33  Probe  
  20  1:52  Pylon  
  20  1:55  Probe  
  21  2:05  Stalker  
  21  2:14  Stalker  
  24  2:29  Probe  
  25  2:32  Assimilator  
  25  2:33  Warp Gate  
  25  2:41  Probe  
  26  2:48  Adept  
  26  2:49  Adept  
  30  2:52  Gateway  
  30  3:03  Probe  
  31  3:09  Pylon  
  31  3:21  Adept x2  
  35  3:36  Probe  
  32  3:41  Adept  
  36  3:48  Probe  
  39  3:49  Robotics Facility  
  39  4:03  Stalker x2  
  39  4:09  Pylon  
  43  4:11  Pylon  
  43  4:14  Probe  
  42  4:34  Twilight Council  
  42  4:36  Observer  
  43  4:42  Robotics Facility  
  43  4:46  Probe  
  43  4:50  Zealot x3  
  50  5:15  Nexus  
  50  5:26  Observer  
  50  5:27  Shield Battery, Charge  
  51  5:39  Shield Battery  
  51  5:42  Probe  
  52  5:45  Gateway  
  52  5:57  Zealot x3  
  58  6:17  Pylon  
  58  6:23  Gateway  
  58  6:26  Gateway  
  58  6:34  Zealot x2  
  58  6:35  Zealot  
  58  6:39  Probe  
  65  6:41  Probe  
  65  6:44  Observer  
  63  7:14  Probe x2  
  61  7:23  Zealot x4  
  61  7:25  Zealot x2  
  61  7:26  Probe x2  
  75  7:38  Probe  
  75  7:39  Probe, Templar Archives  
  77  7:47  Sentry x3  
  77  7:50  Probe  
  77  7:51  Probe  
  85  8:03  Probe  
  85  8:05  Pylon  
  86  8:06  Pylon  
  86  8:08  Pylon  
  86  8:21  Gateway  
  86  8:23  Probe x2, Observer, Gateway  
  86  8:24  Psionic Storm  
  89  8:27  Assimilator  
  89  8:30  Assimilator  
  89  8:35  Probe  
  89  8:38  Pylon  
  90  8:46  Zealot x2  
  94  9:01  Forge  
  94  9:02  Forge  
  94  9:04  Forge  
  94  9:08  Observer  
  95  9:27  Zealot x2  
  95  9:28  Zealot x4  
  107  9:48  Observer  
  108  9:54  High Templar x4  
  108  9:55  High Templar  
  118  10:14  Nexus  
  118  10:27  Probe x2  
  112  10:31  Protoss Ground Weapons Level 1  
  112  10:32  Protoss Shields Level 1, Protoss Ground Armor Level 1  
  90  10:49  Probe x2  
  90  10:50  Pylon  
  90  10:52  Pylon  
  90  10:54  Pylon  
  90  10:56  Pylon  
  88  10:58  Assimilator  
  88  11:01  High Templar, Probe  
  88  11:02  High Templar x2  
  88  11:04  Assimilator  
  92  11:07  Blink  
  92  11:27  Probe x3  
  85  11:39  Probe  
  86  11:42  Stalker x5  
  86  11:43  Stalker x2  
  86  11:44  Stalker  
  99  11:48  Probe  
  99  11:49  Probe  
  99  11:51  Probe  
  90  11:56  Gateway  
  90  11:57  Gateway  
  90  11:59  Gateway  
  90  12:00  Probe  
  89  12:02  Probe  
  89  12:04  Probe, Gateway  
  91  12:10  Stalker  
  91  12:14  High Templar x2  
  97  12:32  Probe x2  
  97  12:35  Stalker  
  100  12:45  Stalker  
  100  12:50  Stalker  
  104  13:00  Stalker  
  104  13:01  Stalker x2  
  82  13:25  Stalker  
  82  13:26  Stalker x6  
  82  13:27  Stalker x2  
  82  13:28  Stalker  
  82  13:31  Stalker  
  73  13:48  Stalker  
  67  13:49  Stalker x3  
  67  13:50  Stalker  
  64  14:08  Stargate  
  63  14:12  Stargate  
  63  14:13  Zealot x2  
  63  14:14  Zealot x4  
  63  14:15  Zealot  
  73  14:22  Zealot x2  
  65  14:40  Void Ray  
  51  14:59  Nexus  
  55  15:01  Void Ray  
  18  15:51  Probe x2  
  10  16:03  Probe  
Show
View Real Time Build Order
Export as new Build Order

Sketchaphone Zerg 

Build Orders: Hatch First 

Get SALT Encoding   

  12  0:01  Drone  
  13  0:14  Overlord  
  13  0:18  Drone  
  14  0:22  Extractor  
  14  0:23  Drone  
  15  0:32  Drone  
  16  0:37  Drone  
  17  0:56  Extractor  
  16  1:00  Hatchery  
  16  1:01  Drone  
  16  1:05  Drone  
  17  1:22  Spawning Pool  
  17  1:25  Drone  
  16  1:31  Drone  
  17  1:45  Drone  
  17  1:46  Drone  
  19  2:00  Drone  
  20  2:09  Zergling x2  
  20  2:11  Queen  
  20  2:13  Queen  
  25  2:16  Metabolic Boost  
  25  2:22  Zergling x4  
  27  2:25  Drone  
  28  2:34  Overlord  
  28  2:48  Baneling Nest, Drone  
  28  3:08  Overlord  
  28  3:09  Drone x2  
  29  3:21  Hatchery, Drone  
  29  3:26  Queen  
  29  3:27  Overlord  
  31  3:36  Drone  
  31  3:40  Evolution Chamber  
  30  3:45  Baneling  
  30  3:51  Zergling x2  
  30  3:53  Zergling x2  
  32  3:58  Zergling x12  
  32  4:01  Zergling x2  
  39  4:06  Zergling x4  
  39  4:07  Zergling x2  
  42  4:11  Zergling x2  
  42  4:15  Zergling x2  
  42  4:16  Zergling x2  
  45  4:36  Drone  
  45  4:37  Queen  
  48  4:43  Zergling x4, Zerg Melee Weapons Level 1  
  48  4:44  Overlord, Zergling x2  
  51  4:51  Overlord, Drone  
  52  4:56  Zergling x2  
  51  5:11  Overlord  
  51  5:12  Zergling x8  
  51  5:13  Zergling x4  
  56  5:37  Drone  
  56  5:40  Overlord  
  56  5:41  Drone x2  
  59  5:43  Spine Crawler  
  59  5:45  Spine Crawler  
  59  5:47  Overlord  
  59  5:48  Spine Crawler  
  55  6:02  Zergling x8  
  55  6:03  Zergling x4  
  60  6:20  Overlord  
  60  6:23  Lair  
  60  6:32  Drone x4  
  64  6:33  Drone x3  
  67  6:54  Overlord  
  67  6:59  Drone x2  
  55  7:18  Zergling x6  
  55  7:19  Zergling x16  
  62  7:31  Drone  
  62  7:32  Drone  
  62  7:34  Zerg Ground Armor Level 1  
  62  7:35  Drone x2  
  62  7:36  Drone  
  67  7:37  Drone x2  
  67  7:41  Spore Crawler  
  68  7:45  Spore Crawler  
  67  7:53  Zergling x18  
  67  7:57  Baneling x7  
  67  7:58  Baneling x2  
  76  8:06  Drone  
  76  8:07  Drone x4, Extractor  
  80  8:15  Extractor  
  80  8:17  Extractor  
  80  8:19  Drone x3  
  81  8:23  Overlord  
  81  8:35  Overlord  
  81  8:36  Drone x2  
  83  8:41  Drone  
  83  8:42  Drone, Hatchery  
  84  8:56  Overseer  
  84  9:01  Overlord  
  84  9:09  Centrifical Hooks  
  84  9:10  Zergling x2  
  84  9:11  Overlord, Evolution Chamber, Zergling x4  
  84  9:12  Overlord  
  86  9:19  Spire  
  83  9:33  Baneling x2  
  83  9:34  Zergling x2  
  83  9:35  Baneling x3  
  83  9:36  Overlord  
  83  9:37  Zergling x4  
  83  9:38  Zergling x4  
  88  9:41  Drone x3  
  88  9:43  Queen  
  93  9:46  Overseer  
  93  10:11  Zergling x26  
  106  10:20  Overseer  
  103  10:24  Zergling x16  
  90  10:39  Zergling x6  
  92  10:56  Baneling x7  
  92  10:57  Baneling x11  
  92  10:58  Zergling x18  
  99  11:10  Zergling x20  
  99  11:11  Zergling x4  
  99  11:22  Queen  
  99  11:23  Zergling x8  
  88  11:47  Zergling x22  
  88  11:53  Zergling x14, Baneling x2  
  95  12:10  Zergling x16  
  95  12:12  Baneling x10  
  95  12:13  Baneling x13  
  95  12:14  Zergling x4  
  97  12:21  Drone x2  
  96  12:33  Corruptor x4  
  89  12:41  Corruptor x3  
  91  12:44  Corruptor  
  93  12:52  Corruptor  
  93  12:55  Overlord x2  
  95  12:58  Corruptor  
  96  13:17  Corruptor  
  96  13:18  Corruptor x3  
  80  13:35  Zergling x26  
  80  13:40  Drone x2  
  80  13:41  Drone  
  81  14:02  Corruptor x4  
  87  14:12  Extractor  
  87  14:15  Extractor  
  85  14:31  Drone x5  
  85  14:32  Drone x6  
  85  14:34  Spawning Pool  
  85  14:36  Extractor  
  94  15:21  Zergling x4  
  81  15:30  Drone x2  
  81  15:31  Drone  
  81  15:32  Zergling x18  
  93  15:41  Spore Crawler  
  92  15:43  Spore Crawler  
  92  15:45  Spore Crawler x2  
  92  15:48  Lair  
  89  15:51  Drone x5  
  89  15:53  Overlord, Extractor  
  93  15:59  Hatchery  
  88  16:30  Baneling Nest  
  87  16:38  Drone x7  
  87  16:39  Drone x6  
  100  16:52  Overlord, Hatchery  
  99  16:58  Spore Crawler  
  99  16:59  Spore Crawler  
  99  17:01  Spore Crawler x2  
  95  17:14  Baneling x22  
  95  17:15  Zergling x22  
  105  17:26  Spire  
  105  17:27  Spore Crawler  
  105  17:28  Spore Crawler  
  87  17:44  Spore Crawler  
  87  17:45  Spore Crawler, Drone x4  
  87  17:46  Drone  
  87  17:47  Spore Crawler  
  75  18:10  Zergling x12  
  66  18:31  Spore Crawler  
  57  18:35  Spore Crawler  
  57  18:36  Spore Crawler  
  57  18:38  Spore Crawler  
  57  18:39  Spore Crawler x3  
  43  18:43  Zergling x12  
  47  18:54  Corruptor  
  48  18:57  Corruptor  
  43  19:04  Baneling x6  
  43  19:08  Corruptor x3  
  49  19:20  Corruptor  
  49  19:24  Corruptor  
  51  19:44  Corruptor x2  
  53  19:54  Corruptor  
  49  20:10  Corruptor  
  49  20:11  Corruptor  
  53  20:26  Spawning Pool  
Show
View Real Time Build Order
Export as new Build Order

Tharkus Protoss 

Build Orders: Blink Stalkers, Carriers 

Get SALT Encoding   

  12  0:02  Probe  
  13  0:15  Probe  
  13  0:18  Pylon  
  14  0:23  Probe  
  15  0:35  Probe  
  16  0:43  Gateway  
  16  0:47  Probe  
  17  1:03  Forge  
  17  1:07  Probe  
  17  1:09  Assimilator  
  18  1:15  Pylon  
  18  1:26  Probe  
  19  1:36  Assimilator  
  19  1:37  Zealot  
  19  1:38  Probe  
  21  1:43  Cybernetics Core  
  21  1:46  Probe  
  23  1:56  Probe  
  24  2:11  Warp Gate  
  24  2:22  Twilight Council  
  24  2:29  Gateway  
  24  2:36  Stalker  
  26  2:41  Probe  
  27  2:48  Pylon  
  27  2:51  Blink  
  26  2:59  Probe  
  27  3:08  Stalker  
  27  3:09  Photon Cannon  
  29  3:15  Stalker  
  29  3:22  Robotics Facility  
  31  3:57  Nexus  
  31  4:07  Stalker  
  31  4:09  Stalker  
  35  4:19  Pylon  
  35  4:39  Stalker x2  
  39  4:50  Immortal  
  43  4:55  Probe  
  44  5:07  Probe  
  45  5:20  Stalker  
  45  5:21  Stalker  
  49  5:26  Probe  
  49  5:29  Probe  
  49  5:34  Probe  
  51  5:37  Probe  
  53  5:44  Probe, Assimilator  
  53  5:47  Probe  
  55  5:56  Probe  
  56  5:59  Probe  
  57  6:08  Probe  
  58  6:15  Observer  
  58  6:16  Probe  
  59  6:20  Probe  
  59  6:24  Probe  
  62  6:38  Pylon  
  62  6:40  Pylon  
  62  6:41  Pylon  
  62  6:42  Pylon  
  62  6:45  Pylon  
  62  6:56  Probe x2  
  64  7:08  Probe  
  65  7:29  Stalker x2  
  69  7:30  Probe  
  69  7:33  Immortal  
  74  7:38  Probe, Assimilator  
  75  7:48  Probe  
  76  8:00  Probe  
  77  8:19  Stargate  
  77  8:20  Zealot, Stargate  
  77  8:21  Nexus, Zealot  
  77  8:23  Stargate  
  77  8:24  Pylon, Charge  
  77  8:25  Stargate  
  77  8:26  Pylon  
  81  8:28  Pylon  
  81  8:31  Pylon  
  81  8:35  Pylon, Probe  
  82  8:45  Assimilator  
  82  8:51  Photon Cannon, Assimilator  
  82  8:53  Photon Cannon  
  82  8:57  Photon Cannon  
  82  9:06  Fleet Beacon  
  82  9:10  Sentry  
  82  9:11  Sentry  
  86  9:48  Carrier x2  
  86  9:49  Carrier x2  
  110  10:01  Probe  
  110  10:05  Probe  
  111  10:09  Probe  
  111  10:13  Probe  
  113  10:19  Probe  
  114  10:23  Probe  
  96  10:31  Zealot x2  
  80  10:44  Carrier x3  
  66  11:24  Carrier  
  69  11:29  Probe  
  64  11:41  Probe  
  55  11:53  Probe  
  56  12:15  Probe  
  56  12:20  Probe  
  56  12:21  Pylon  
  56  12:25  Pylon  
  56  12:29  Probe  
  58  12:38  Probe  
  59  12:46  Probe  
  54  13:51  Probe  
  55  13:59  Probe  
  55  14:09  Probe  
  57  14:21  Probe  
  44  15:08  Probe  
  45  15:16  Probe  
  46  15:26  Probe  
  46  15:38  Probe  
  47  15:48  Probe  
  47  15:56  Probe  
  49  16:05  Probe  
  50  16:17  Probe  
  51  16:35  Probe  
  52  16:47  Probe  
  53  16:59  Probe  
  54  17:11  Probe  
  55  17:23  Probe  
  50  19:08  Probe  
  51  19:13  Assimilator  
  51  19:20  Probe  
  52  19:32  Probe  
  53  19:43  Fleet Beacon  
  46  20:05  Pylon x2  
  46  20:08  Pylon  
  46  20:09  Pylon  
  46  20:12  Pylon  
Show
View Real Time Build Order
Export as new Build Order

Asurmen Terran 

Build Orders:  

Get SALT Encoding   

  12  0:01  SCV  
  13  0:13  SCV  
  14  0:22  Supply Depot  
  14  0:25  SCV  
  15  0:44  Refinery, SCV  
  15  0:46  Barracks  
  16  0:56  SCV  
  17  1:07  Refinery  
  17  1:08  SCV  
  18  1:24  SCV  
  19  1:36  SCV  
  19  1:39  Barracks  
  20  1:44  Marine  
  20  1:45  Supply Depot  
  21  1:48  SCV  
  22  2:00  SCV  
  23  2:07  Marine  
  24  2:11  Factory  
  24  2:16  SCV  
  25  2:32  Orbital Command  
  25  2:34  Marine  
  25  2:36  Barracks Tech Lab  
  26  2:51  Marine  
  26  2:56  Marauder  
  29  3:05  Command Center  
  29  3:07  Factory Tech Lab  
  29  3:09  Marine  
  30  3:16  Stimpack  
  30  3:27  Marine  
  31  3:46  Supply Depot  
  31  4:07  Marine x2, Siege Tank, SCV  
  31  4:09  Supply Depot  
  37  4:25  Marine x2, SCV  
  40  4:33  Refinery  
  40  4:37  SCV  
  41  4:39  Siege Tank  
  41  4:43  Marauder, Marine  
  41  4:45  SCV  
  48  4:49  SCV  
  49  4:57  SCV  
  50  5:00  Barracks, Marine  
  50  5:01  SCV  
  52  5:11  Siege Tank  
  52  5:13  SCV  
  56  5:23  Orbital Command  
  56  5:25  SCV  
  56  5:26  Marine  
  58  5:30  Marauder  
  58  5:33  Combat Shield  
  60  5:38  SCV  
  60  5:39  Supply Depot  
  61  5:44  Marine  
  62  6:01  Marauder, Siege Tank, SCV  
  62  6:02  Marine  
  69  6:09  SCV  
  70  6:13  Refinery  
  70  6:17  Supply Depot  
  70  6:19  Barracks Reactor  
  70  6:24  Starport  
  70  6:38  Marine, Siege Tank, SCV  
  70  6:39  Marauder  
  78  6:47  SCV  
  78  7:12  Marine x4  
  78  7:13  Siege Tank, SCV  
  78  7:15  Medivac  
  59  7:25  SCV  
  59  7:29  Marine x2  
  60  7:30  Marauder, Marine  
  60  7:31  SCV  
  66  7:37  Factory  
  66  7:38  SCV  
  66  7:39  Starport  
  66  7:44  SCV  
  68  7:45  Medivac, Siege Tank  
  68  7:47  Marine x2  
  68  7:50  SCV  
  76  7:51  Marauder  
  78  8:05  Armory  
  78  8:11  Supply Depot  
  78  8:12  Supply Depot  
  78  8:19  Starport, Starport Tech Lab  
  78  8:29  Starport Tech Lab  
  78  8:33  SCV x2  
  80  8:36  Supply Depot  
  80  8:45  Marine x2, SCV  
  80  8:46  Marauder  
  86  8:52  Command Center  
  86  8:53  Siege Tank  
  88  8:55  Barracks Reactor  
  88  8:59  Fusion Core  
  88  9:02  Marine  
  88  9:03  Marine, Starport Tech Lab  
  88  9:07  Marauder  
  88  9:08  Supply Depot  
  92  9:20  Marine  
  93  9:25  Siege Tank  
  96  9:32  Supply Depot  
  96  9:41  SCV  
  97  9:53  Refinery  
  97  9:58  Battlecruiser x3  
  115  10:11  SCV  
  115  10:12  Refinery  
  105  10:23  SCV  
  96  10:35  Marine x4  
  79  10:36  Marine  
  79  10:42  Siege Tank  
  79  10:52  Marine x2  
  79  10:53  Marine  
  72  11:27  Battlecruiser  
  72  11:28  Battlecruiser  
  72  11:30  Battlecruiser  
  89  11:48  Terran Vehicle Weapons Level 1  
  89  11:54  Siege Tank  
  89  11:55  Marine x4  
  89  11:56  Marauder  
  98  12:17  Marauder  
  100  12:31  Battlecruiser, Supply Depot  
  100  12:32  Marine x4  
  110  12:39  Marauder  
  112  12:45  Weapon Refit  
  112  12:49  Marine  
  75  13:36  Marine x2  
  75  13:37  Battlecruiser  
  75  13:38  Battlecruiser  
  89  13:43  Terran Vehicle And Ship Armor Level 1  
  77  14:16  Battlecruiser  
  83  15:05  Marine x5  
  88  15:22  Marine  
  88  15:23  Marine x4  
  85  15:40  Marine x2  
  85  15:41  Marine  
  82  16:01  Battlecruiser  
  75  16:57  Marine  
  75  16:58  Marine x4  
  75  16:59  Siege Tank  
  83  17:15  Marine x2  
  83  17:16  Marine x3  
  88  17:33  Marine x2  
  84  18:08  Marine  
  84  18:09  Marine x4  
  76  18:26  Marine x2  
  63  19:11  Marine  
  63  19:12  Marine x4  
  63  19:13  Siege Tank  
  71  19:29  Marine x2  
  71  19:30  Marine x3  
  79  19:45  Siege Tank  
  79  20:21  Marine  
  79  20:22  Marine x4  
  81  20:39  Marine  
Tags
 
Add a new tag
Caveats
  • Supply blocks, unpowered buildings, or Contaminate may cause inaccurate times.
  • Supply counts are checked every 10 seconds.